 Dungeon Crawl Stone Soup version 0.30-a0-883-g5ad918d77d (webtiles) character file.

Game seed: 6970060047218051457

65 FlurksSlurper the Insei (level 3, -4/27 HPs)
             Began as a Demonspawn Gladiator on Mar 16, 2023.
             Slain by Grinder (7 damage)
             ... while paralysed by Grinder
             ... on level 3 of the Dungeon.
             The game lasted 00:04:09 (1423 turns).

FlurksSlurper the Insei (Demonspawn Gladiator)      Turns: 1423, Time: 00:04:09

Health: -4/27      AC:  5    Str: 20    XL:     3   Next: 92%
Magic:  4/4        EV:  2    Int: 17    God:
Gold:   100        SH:  0    Dex: 14    Spells: 3/3 levels left

rFire   . . .      SeeInvis .      - Unarmed
rCold   . . .      Faith    .    (no shield)
rNeg    . . .      Spirit   .    a - +0 leather armour
rPois   .          Reflect  .    b - +0 helmet
rElec   .          Rampage  .    (no cloak)
rCorr   .                        s - +0 pair of gloves
Will    .....                    (no boots)
Stlth   +                        (no amulet)
HPRegen 0.24/turn                j - +6 ring of intelligence
MPRegen 0.18/turn                p - +6 ring of strength

@: paralysed
A: spiny 1, magic regeneration
a: no special abilities


You were on level 3 of the Dungeon.
You visited 1 branch of the dungeon, and saw 3 of its levels.

You collected 100 gold pieces.

Inventory:

Hand Weapons
 r - a +0 war axe
Missiles
 c - 3 throwing nets (quivered)
 d - a javelin
 f - 6 poisoned darts
 n - 2 boomerangs
Armour
 a - a +0 leather armour (worn)
 b - a +0 helmet (worn)
 s - a +0 pair of gloves (worn)
Jewellery
 j - a +6 ring of intelligence (left hand)
 p - a +6 ring of strength (right hand)
Scrolls
 e - 3 scrolls of identify {unknown}
 h - 2 scrolls of teleportation {unknown}
 i - a scroll of amnesia {unknown}
 k - a scroll of enchant weapon {unknown}
 l - a scroll of poison {unknown}
 m - a scroll of torment {unknown}
Potions
 g - 3 potions of curing {unknown}
 o - a potion of might {unknown}
 q - a potion of ambrosia {unknown}


   Skills:
 + Level 2.2 Fighting
 + Level 2.0 Throwing
 + Level 0.6 Armour
 + Level 3.1 Dodging
 + Level 0.4 Stealth
 + Level 3.4 Unarmed Combat
 * Level 0.8 Spellcasting


You had 3 spell levels left.
You didn't know any spells.
Your spell library contained the following spells:

 Spells                   Type           Power      Damage    Failure   Level
 Apportation              Tloc           0%         N/A       26%         1
 Gell's Gravitas          Tloc           0%         N/A       61%         3
 Portal Projectile        Hex/Tloc       0%         N/A       61%         3
 Passage of Golubria      Tloc           0%         N/A       95%         4


Dungeon Overview and Level Annotations

Branches:
Dungeon (3/15)

Altars:

Annotations:
D:3 Grinder


Innate Abilities, Weirdness & Mutations

You are partially covered in sharp spines.
You regenerate magic rapidly.


Message History

Aim: Grinder (blind, 57% to hit, chance to blind on hit: 22%)
You throw an atropa-tipped dart.
The atropa-tipped dart barely misses Grinder.
Grinder says, "FISH!"
Grinder gestures at you. You resist with significant effort.
You don't have any such object.
Fire/throw/use which item? ([*] to toss any item) (? for menu, Esc to quit)
Okay, then.
Throw: 9 darts (poison)
Press: ? - help, Shift-Dir - straight line, f/p - Grinder
Aim: Grinder (blind, 57% to hit)
You throw a poisoned dart.
The poisoned dart closely misses Grinder.
Unknown command.
Throw: 8 darts (poison)
Press: ? - help, Shift-Dir - straight line, f/p - Grinder
Aim: Grinder (blind, 57% to hit)
You throw a poisoned dart. The poisoned dart hits Grinder.
Grinder is no longer blind.
Unknown command.
Throw: 7 darts (poison)
Press: ? - help, Shift-Dir - straight line, f/p - Grinder
Aim: Grinder (57% to hit)
You throw a poisoned dart. The poisoned dart hits Grinder.
Grinder is poisoned.
Unknown command.
You hit Grinder.
Grinder is lightly wounded.
Grinder hits you.
You barely miss Grinder.
Grinder is lightly wounded.
Grinder gestures at you.
You suddenly lose the ability to move!
Grinder hits you!
You writhe in agony.
Grinder looks more healthy.
Grinder hits you.
* * * LOW HITPOINT WARNING * * *
You writhe in agony.
* * * LOW HITPOINT WARNING * * *
Grinder is struck by your spines. Grinder hits you!
You die...

.#^. ....
#... ..#
..# #.#
..#####.###
(.((((5@..#
#.#####..##
#..# #..#
####..#
#.....#
#.##.## #
#.##.#
#.##.##.#


You could see Grinder.

Vanquished Creatures
  2 adders (D:2)
  9 ball pythons
  2 endoplasms
  4 goblins (D:1)
  6 hobgoblins
  3 jackals (D:1)
  3 quokkas
  5 bats (D:2)
  4 frilled lizards (D:1)
  2 kobolds (D:1)
  6 rats
46 creatures vanquished.

Notes
Turn   | Place    | Note
-------+----------+-------------------------------------------
     0 | D:1      | FlurksSlurper the Demonspawn Gladiator began the quest for
                  | the Orb.
     0 | D:1      | Reached XP level 1. HP: 16/16 MP: 1/1
   208 | D:1      | Gained mutation: You regenerate magic rapidly. [demonic
                  | ancestry]
   208 | D:1      | Reached XP level 2. HP: 21/22 MP: 2/2
   350 | D:1      | Got the Grimoire of Correspondence
   843 | D:2      | Gained mutation: You are partially covered in sharp spines.
                  | [demonic ancestry]
   843 | D:2      | Reached XP level 3. HP: 20/27 MP: 3/3
  1366 | D:2      | Found a faded altar of an unknown god.
  1407 | D:3      | Noticed Grinder
  1409 | D:3      | Paralysed by Grinder for 3 turns
  1420 | D:3      | Paralysed by Grinder for 4 turns
  1423 | D:3      | Slain by Grinder

Illustrated notes

Levels and vault maps discovered:
D:1:      minmay_arrival_arboretum_large, layout_loops_cross
D:2:      layout_rooms, shapermc_ecumenical_altar_acropolis, hex_tiny
D:3:      layout_basic, nicolae_dithmenos_the_darkroom,
          kennysheep_orc_sif_temple, chei_slow_surprise, gup_sewer_entry_bowl,
          uniq_grinder, uniq_terence

Skill      XL: |  1  2 |
---------------+-------+-----
Dodging        | 3 |  3.1
Throwing       | 2 |  2.0
Unarmed Combat | 3 |  3.4
Fighting       | |  2.2
Armour         | |  0.6
Stealth        | |  0.4
Spellcasting   | |  0.8

Action                     || total
---------------------------++-------
  Melee: Unarmed           ||   133
         Punch             ||     3
  Throw: Dart              ||     8
   Stab: Sleeping          ||     3
 Armour: Leather armour    ||    45
  Dodge: Dodged            ||    93

Table legend: (Time is in decaauts)
 A = Elapsed time spent in this place.
 B = Non-inter-level travel time spent in this place.
 C = Inter-level travel time spent in this place.
 D = Time resting spent in this place.
 E = Time spent auto-exploring this place.
 F = Levels seen in this place.
 G = Mean time per level.
                   A        B        C        D        E       F      G
               +--------+--------+--------+--------+--------+-----+--------+
         Total |   1414 |   1362 |     52 |      0 |    845 |   3 |  471.3 |
       Dungeon |   1414 |   1362 |     52 |      0 |    845 |   3 |  471.3 |
               +--------+--------+--------+--------+--------+-----+--------+

Top non-repeatable levels by time:
     D:1: 757 daAuts
     D:2: 618 daAuts
     D:3: 38 daAuts
